[Event "16th Serbian-ch Women 2022"]
[Site "Bajina Basta"]
[Date "2022.12.11"]
[Round "6.5"]
[White "Dimitrijevic, Andjela"]
[Black "Bojicic, Andjela"]
[Result "0-1"]
[ECO "B08"]
[WhiteElo "1993"]
[BlackElo "2117"]
[Annotator "TA"]
[PlyCount "132"]
[EventDate "2022.12.06"]
[EventType "tourn"]
[EventCountry "SRB"]
[SourceTitle "playchess.com"]
[Source "ChessBase"]
[SourceQuality "1"]
[TimeControl "40/5400+30:1800+30"]

1. e4 g6 2. d4 Bg7 3. Nc3 c6 4. Nf3 d6 5. Be3 Nf6 6. h3 O-O 7. a4 Nbd7 8. Be2 Qc7 9. O-O b6 10. Qd2 Bb7 11. Rfd1 {[%emt 0:03:41] B08: Pirc Defence: Classical System.} a6 {[%emt 0:06:12] [#]} 12. Qe1 $146 ({Predecessor:} 12. e5 dxe5 13. dxe5 Nxe5 14. Nxe5 Qxe5 15. Bxb6 Nd5 16. Bd4 Qxd4 17. Qxd4 Bxd4 18. Rxd4 e5 {½-½ (78) Bock,S (2545)-Ludgate,A (2494) ICCF email 2015}) 12... b5 13. Nd2 {[%emt 0:01:37][%cal Ra4b5] The position is equal.} e5 (13... b4 $5 14. Na2 c5 $11) 14. dxe5 dxe5 15. a5 (15. Na2 $11) 15... c5 16. Bf3 Rfe8 17. Rdc1 (17. Bg5 $11) 17... Rad8 18. g4 Nf8 19. Ne2 (19. g5 $11 N6d7 20. Nd5 Bxd5 21. exd5) 19... Ne6 $17 20. Ng3 Nf4 21. Qf1 Nd7 22. c4 b4 23. Nb3 Ne6 24. Bg2 Nf4 $2 {[%emt 0:02:39] [#]} (24... Ndf8 $19 {Threatens to win with ...Nd4.} 25. Rd1 Nd4 26. Nxd4 exd4) 25. Bh1 $2 (25. Bf3 $1 $11 {and White is okay.}) 25... Bf8 26. Rd1 Bd6 27. Ne2 Ne6 28. Nd2 Nd4 29. Rdc1 Nf8 30. Bg5 Be7 31. Bh6 (31. Bxe7 {keeps fighting.} Qxe7 32. Nxd4 exd4 33. f4) 31... Nfe6 $19 32. Nxd4 Nxd4 ({Worse is} 32... Rxd4 33. Be3) 33. Be3 Ne6 34. Nb3 Bd6 35. Bg2 Qe7 36. f3 Qf6 (36... Nd4 $142 37. Nd2 f5) 37. Qf2 Nd4 38. Nd2 Bc7 39. Bf1 Rd7 {[%emt 0:01:48] Black has more active pieces.} 40. g5 Qd8 41. Ra2 (41. h4 $17) 41... Bxa5 42. Rca1 Bb6 43. Rxa6 $2 (43. h4) 43... Bxa6 44. Rxa6 Ra7 45. Rxa7 Bxa7 46. h4 Qd7 47. Bxd4 cxd4 (47... Qxd4 $2 {perishes.} 48. Qxd4 cxd4 49. Kf2 $19) (47... exd4 $2 {is the wrong capture.} 48. f4 $19) 48. Bd3 Bb6 49. Nb3 Qa7 50. Qd2 Bc5 51. f4 exf4 52. Qxf4 Qe7 53. Nd2 Bd6 54. Qf2 Rd8 55. Nf3 Bf4 56. Qe2 Be3+ 57. Kg2 Bf4 $2 (57... Qe6 $19 {...Qg4+ is the strong threat.} 58. Kg3 Ra8) 58. Nh2 (58. Kg1 $11 Qd7 59. Qg2) 58... Bxh2 59. Kxh2 {[%emt 0:00:01][%mdl 4096] Endgame KQR-KQB} Qe5+ 60. Kh3 Ra8 {[%emt 0:00:54] [#] Hoping for ...Ra1.} 61. Qg4 (61. Qf2 $142 Ra2 62. Kg4) 61... Ra1 {[%emt 0:01:01] ( -> ...Rh1+)} 62. Qg2 {[%emt 0:00:39] Prevents Rh1+.} Re1 {[%emt 0:00:28] Black mates.} 63. Bc2 Re3+ 64. Kg4 d3 65. Bb1 Rxe4+ 66. Kh3 Re3+ {[%emt 0:00:04] Weighted Error Value: White=0.47/Black=0.31} 0-1

[Event "16th Serbian-ch Women 2022"]
[Site "Bajina Basta"]
[Date "2022.12.12"]
[Round "7.1"]
[White "Bojicic, Andjela"]
[Black "Eric, Jovana"]
[Result "0-1"]
[ECO "E11"]
[WhiteElo "2117"]
[BlackElo "2245"]
[Annotator "TA"]
[PlyCount "108"]
[EventDate "2022.12.06"]
[EventType "tourn"]
[EventCountry "SRB"]
[SourceTitle "playchess.com"]
[Source "ChessBase"]
[SourceQuality "1"]
[TimeControl "40/5400+30:1800+30"]

1. d4 Nf6 2. c4 e6 3. Nf3 Bb4+ 4. Bd2 Qe7 5. g3 Bxd2+ 6. Qxd2 d6 {[%emt 0:00:22] E11: Bogo-Indian.} 7. Nc3 O-O 8. e4 e5 {[%emt 0:00:56] The position is equal.} 9. d5 {[%emt 0:02:20] [#]} a5 $146 ({Predecessor:} 9... Bg4 10. Bg2 Nbd7 11. O-O Nc5 12. Rfe1 a5 13. Qc2 Nfd7 14. Nd2 Bh5 15. Nb3 Bg6 16. Nxc5 Nxc5 {0-1 (32) Machlik,M-Papathanasiou,E (1792) Batumi 2010}) 10. Bg2 Na6 11. O-O Nc5 12. Ne1 Ng4 13. Nd3 Nxd3 14. Qxd3 f5 15. exf5 Bxf5 16. Qd2 Nf6 17. Rfe1 Qd7 18. Ne4 Ng4 19. Re2 Nh6 20. Ng5 Kh8 (20... Nf7 {is interesting.} 21. Ne6 Rfe8 22. c5 Bg4) 21. c5 Nf7 22. Rc1 (22. Ne6 $1 $14) 22... Nxg5 $11 23. Qxg5 Qb5 24. Qd2 Rae8 25. cxd6 cxd6 26. Re3 a4 {[%emt 0:01:48] Prevents Rb3.} 27. Rec3 (27. Bf1 $5 Qb6 28. Rc4 $11) 27... h6 28. h4 (28. Rc4 $5 ) 28... Qb6 29. Rc4 e4 (29... Qa6 $11) 30. R1c3 (30. Re1 $16) 30... Qa5 $14 31. Qd4 Re5 32. Rxa4 (32. Rc5 $11 Qb6 33. R3c4) 32... Rxd5 $15 33. Qc4 Rd1+ 34. Kh2 {[%emt 0:00:03] [#]} Qb6 (34... b5 $1 $15 35. Rxa5 bxc4) 35. Qe2 $1 $11 Rb1 (35... Ra1 $5 ) 36. Rb3 Qc6 37. Rc4 Qa6 (37... Qd5 $11) 38. Ra3 (38. Bxe4 $16 Bxe4 39. Rxe4 (39. Qxe4 Rxf2+ 40. Kh3 Rh1+ 41. Kg4 Rf8 $11)) 38... Rxb2 39. Qxb2 {[%emt 0:00:03] White threatens Rc7 and mate.} Qxc4 40. Qxb7 Qc5 41. Qb2 (41. Ra8 $11 {remains equal.} Rg8 42. Rxg8+ (42. Bxe4 Bxe4 43. Rxg8+ Kxg8 $11) 42... Kxg8 43. g4 Bxg4 44. Qxe4) 41... Bg6 $1 $17 42. Re3 $1 d5 43. Re2 (43. a4 $15) 43... d4 $1 $19 {[%emt 0:02:26] White must now prevent ...d3.} 44. Rc2 {[%emt 0:01:31] Inhibits d3.} (44. Bxe4 $2 {perishes.} d3 45. Bxd3 Bxd3 $19) 44... Qd6 45. Rd2 (45. Rc4 {was called for.} d3 46. Qd2) 45... d3 46. Qc3 Re8 47. a4 $2 (47. Bf1) 47... Kh7 $2 (47... e3 48. fxe3 Rxe3 49. Qc8+ Kh7) 48. Bf1 Kh8 $2 (48... Re7 $19 {...Rc7 is the strong threat.} 49. Be2 Re5) 49. a5 $2 (49. Bg2 $1 $11 {and White is okay.}) 49... e3 $36 {[%emt 0:00:29][%mdl 2048] Black has strong initiative.} 50. fxe3 Rxe3 51. Qc8+ Kh7 52. Qg4 {[%emt 0:00:20] [#]} Re4 {[%emt 0:11:18] Inhibits Qf4.} 53. Rxd3 {[%emt 0:00:46] [#] And now Qxe4 would win.} Qe5 54. Qh3 {[%emt 0:00:44] [#]} (54. Qf3 Rxh4+ 55. Kg1) 54... Re2+ $1 {[%emt 0:00:28][%mdl 512] Weighted Error Value: White=0.44/Black=0.32} 0-1

[Event "16th Serbian-ch Women 2022"]
[Site "Bajina Basta"]
[Date "2022.12.12"]
[Round "7.2"]
[White "Vujcic, Milena"]
[Black "Dimitrijevic, Andjela"]
[Result "1-0"]
[ECO "B62"]
[WhiteElo "2029"]
[BlackElo "1993"]
[Annotator "TA"]
[PlyCount "55"]
[EventDate "2022.12.06"]
[EventType "tourn"]
[EventCountry "SRB"]
[SourceTitle "playchess.com"]
[Source "ChessBase"]
[SourceQuality "1"]
[TimeControl "40/5400+30:1800+30"]

1. e4 {[%emt 0:00:03] ChessBase II} c5 2. Nf3 d6 3. d4 cxd4 4. Nxd4 Nf6 5. Nc3 Nc6 6. Bg5 e6 7. f4 h6 {[%emt 0:09:55] B62: Sicilian: Richter-Rauzer: 6...e6: Unusual White 7th moves.} 8. Bxf6 Qxf6 9. Nxc6 (9. Bb5 $11 {deserves consideration.} Bd7 10. Bxc6 bxc6 11. O-O) 9... bxc6 $15 {[%emt 0:00:20] Black is slightly better.} 10. Qf3 Qd8 {[%emt 0:07:02] [#]} 11. Bc4 $146 ({Predecessor:} 11. O-O-O Be7 12. g4 Bd7 13. h4 d5 14. exd5 cxd5 15. Nxd5 exd5 16. Qxd5 Qc8 17. Rh3 Bxg4 {½-½ (41) Grokhotov,V-Telman,V Odessa 1972 EXT 2019 [ChessBase II]}) 11... Be7 ({Don't take} 11... d5 12. exd5 cxd5 13. Nxd5 Qa5+ 14. Qc3 (14. Nc3 Rb8 $11) 14... Qxc3+ 15. Nxc3 $14) 12. O-O O-O 13. Kh1 d5 14. Bd3 Qb6 15. Rab1 a5 16. Qg3 (16. b3 {simplifies} Qc7 17. Na4 Bb7 18. Qe2) 16... Ba6 17. Bxa6 (17. f5 {feels hotter.} Bxd3 18. cxd3 exf5 19. exd5 Bf6 20. Qf3) 17... Qxa6 18. f5 {[%emt 0:00:24] Strongly threatening f6.} exf5 19. exd5 cxd5 20. Rxf5 Rab8 (20... d4 $11 {remains equal.} 21. Nd5 Bd8) 21. Nxd5 $16 {[%emt 0:00:53] White is more active.} Bg5 {[%emt 0:01:03] [#]} (21... Rb7 $16) 22. h4 $1 $18 Bd2 23. Ne7+ $2 (23. Nf6+ $18 Kh8 24. Nd7) 23... Kh8 $2 {[%emt 0:00:24][%mdl 8192] [#]} ({Better is} 23... Kh7 $14) 24. Rxf7 $3 Bc3 (24... Rg8 25. Nxg8) 25. Rxf8+ Rxf8 26. Ng6+ Kg8 27. Nxf8 Kxf8 28. bxc3 {[%emt 0:00:07] Weighted Error Value: White=0.31/Black=1.15} 1-0

[Event "16th Serbian-ch Women 2022"]
[Site "Bajina Basta"]
[Date "2022.12.12"]
[Round "7.3"]
[White "Chelushkina, Irina"]
[Black "Grozdanovic, Anastasia"]
[Result "1-0"]
[ECO "B15"]
[WhiteElo "2173"]
[BlackElo "1870"]
[Annotator "TA"]
[PlyCount "71"]
[EventDate "2022.12.06"]
[EventType "tourn"]
[EventCountry "SRB"]
[SourceTitle "playchess.com"]
[Source "ChessBase"]
[SourceQuality "1"]
[TimeControl "40/5400+30:1800+30"]

1. e4 c6 2. Nc3 d5 3. Nf3 g6 4. d4 Bg7 5. Be2 Bg4 6. exd5 cxd5 7. h3 {[%emt 0:00:11] B15: Caro-Kann: 3 Nc3: 3...g6 and 3...dxe4 4 Nxe4 Nf6 5 Nxf6+ exf6.} Bxf3 8. Bxf3 ({Much weaker is} 8. gxf3 Nc6 9. Bb5 Nh6 10. Bxh6 Bxh6 $17) 8... Nf6 9. O-O {[%emt 0:00:47] White is slightly better.} O-O 10. Bg5 e6 11. Ne2 Nc6 12. c3 b5 {[%emt 0:08:36] [#]} 13. a4 $146 ({Predecessor:} 13. Qd2 Re8 14. h4 Qb6 15. Rae1 e5 16. Bxd5 Nxd5 17. h5 exd4 18. Nxd4 Nxd4 19. Rxe8+ Rxe8 20. cxd4 Qxd4 {0-1 (39) Heiser,J (819)-Kalinin,V (1641) LSS email 2019}) 13... Qb6 14. axb5 Qxb5 15. Qa4 Rfb8 16. Qxb5 Rxb5 17. Ra6 Rc8 18. b4 Nd7 19. Nc1 e5 20. Be2 (20. Bg4 $5 f5 21. Be2 $14) 20... Rb6 21. dxe5 $1 Bxe5 22. Na2 (22. Ra3 $1 $14) 22... d4 23. Rxb6 axb6 24. b5 Na5 25. cxd4 Bxd4 26. Rd1 $36 {[%emt 0:01:46][%mdl 2048] White has the initiative.} Nb3 27. Nb4 {[%emt 0:02:03] [#] Prevents Rc2. Threatens to win with Nc6.} Nf6 $2 {[%emt 0:03:06][%mdl 8192] This costs Black the game.} (27... Ne5 $16 {is more resistant.}) 28. Nc6 $18 {[%emt 0:00:41] White is clearly winning.} Nd5 29. Bc4 {[%emt 0:04:02] A strong pair of Bishops.} ({Not} 29. Rxd4 Nxd4 30. Nxd4 Rc5 $18) 29... Nc3 30. Rxd4 Nxd4 31. Ne7+ Kg7 32. Nxc8 Ndxb5 33. Nxb6 Nd6 34. Bd3 f6 35. Be3 Na2 (35... Nf7 $142 36. f3 Nd6) 36. Bd2 {[%emt 0:00:56] Weighted Error Value: White=0.14 (very precise) /Black=0.41} 1-0

[Event "16th Serbian-ch Women 2022"]
[Site "Bajina Basta"]
[Date "2022.12.12"]
[Round "7.4"]
[White "Gajcin, Marina"]
[Black "Srdanovic, Jovana"]
[Result "1-0"]
[ECO "B51"]
[WhiteElo "2219"]
[BlackElo "2189"]
[Annotator "TA"]
[PlyCount "67"]
[EventDate "2022.12.06"]
[EventType "tourn"]
[EventCountry "SRB"]
[SourceTitle "playchess.com"]
[Source "ChessBase"]
[SourceQuality "1"]
[TimeControl "40/5400+30:1800+30"]

1. e4 c5 2. Nf3 Nc6 3. Bb5 d6 4. Bxc6+ bxc6 5. e5 d5 6. d3 {[%emt 0:04:00] B51: Sicilian: Moscow Variation (3 Bb5+) without 3...Bd7.} Bg4 7. h3 Bxf3 8. Qxf3 {[%emt 0:00:07][%cal Oe5e6] The position is equal.} Qc7 {[%emt 0:00:13] Inhibits e6.} 9. Qe2 e6 {[%emt 0:04:47] [#]} 10. Nd2 $146 ({Predecessor:} 10. O-O Ne7 11. Nd2 Nc8 12. b3 Be7 13. Re1 O-O 14. Qg4 Qd7 15. Nf3 f5 16. Qg3 {1-0 (64) Miladinovic,L (2023)-Milanovic,M (1747) Novi Sad 2010}) 10... Ne7 11. Nf3 Nf5 12. c3 h5 13. h4 Be7 14. Bg5 Rb8 15. Bxe7 Qxe7 16. b3 a5 17. g3 Qa7 18. Kf1 a4 19. Kg2 Ke7 (19... Rb5 $11) 20. Qd2 $1 $16 Qa5 21. Rhc1 Rb7 22. Qg5+ f6 23. Qf4 {[%emt 0:00:52] And now Re1 would win.} (23. Qd2 {simplifies} Kf8 24. Re1 Kf7 25. Qe2) 23... Ra8 (23... Kf7 $16) 24. exf6+ gxf6 25. Re1 Ng7 (25... Kd7 $2 26. Rxe6 $1 Kxe6 27. Re1+ Kd7 28. Qxf5+ Kc7 29. Qxf6) 26. b4 ({But not} 26. Qh6 Kf7) 26... Qc7 {[%emt 0:03:44] White must now prevent ...Qxf4.} 27. Qh6 $36 {[%emt 0:01:56][%mdl 2048] Black is under strong pressure.} ({Much worse is} 27. bxc5 Qxf4 28. gxf4 Ra5 $15) 27... Kf7 28. bxc5 {[%emt 0:00:49] Qh7 is the strong threat. White is much more active.} e5 $2 (28... Rb2 $16) 29. Rxe5 $1 $18 ({Weaker is} 29. Qh7 Rf8 $16) 29... Rg8 {[%emt 0:03:36] [#]} (29... fxe5 $142 30. Ng5+ Ke8 31. Qh8+ Kd7 32. Qxa8 Qb8 33. Qxa4 Qa7) 30. Rae1 $1 {[%emt 0:01:26][%cal Oe5g5] Threatening mate with Rg5!} Qc8 {[%emt 0:00:27] [#]} (30... fxe5 31. Nxe5+) 31. Rg5 $3 Qd8 {[%emt 0:00:57] [#]} 32. Rg6 (32. Re3 $142 $1 Rc7 (32... Kf8 33. Nd4) 33. Qg6+ Kf8 {[#]} 34. Nd4 $1) 32... Nf5 33. Rxg8 Qxg8 34. Qxh5+ {[%emt 0:00:14] Weighted Error Value: White=0.29 (precise) /Black=0.62} 1-0

[Event "16th Serbian-ch Women 2022"]
[Site "Bajina Basta"]
[Date "2022.12.12"]
[Round "7.5"]
[White "Manakova, Maria"]
[Black "Drljevic, Ljilja"]
[Result "1/2-1/2"]
[ECO "B06"]
[WhiteElo "2160"]
[BlackElo "2175"]
[Annotator "TA"]
[PlyCount "85"]
[EventDate "2022.12.06"]
[EventType "tourn"]
[EventCountry "SRB"]
[SourceTitle "playchess.com"]
[Source "ChessBase"]
[SourceQuality "1"]
[TimeControl "40/5400+30:1800+30"]

1. e4 g6 2. d4 Bg7 3. Nc3 d6 4. Be3 a6 5. Qd2 b5 6. a4 b4 7. Nd1 {[%emt 0:00:36] B06: Modern Defence.} Nf6 8. f3 a5 9. c3 bxc3 10. bxc3 Ba6 {[%emt 0:04:35] [#]} 11. Be2 $146 ({Predecessor:} 11. Bd3 Nbd7 12. Nf2 Qc8 13. Ne2 Bxd3 14. Qxd3 O-O 15. O-O Nb6 16. Rfb1 Qa6 17. Qxa6 Rxa6 {½-½ (35) Olsarova,K (2303)-Pastircak,M (2288) Czech Republic 2019}) 11... Nbd7 12. Bxa6 Rxa6 13. Ne2 O-O 14. O-O Qa8 15. Nf2 Rb6 16. Nd3 Rfb8 17. e5 (17. c4 $11 {keeps the balance.}) 17... Nd5 $17 18. f4 Rb3 19. Ndc1 (19. c4 $17 Nxe3 20. Qxe3) 19... Rb2 $19 20. Qd3 N7b6 21. Rf3 (21. Bf2 $142) 21... Qc6 {[%emt 0:02:03] ...Nc4 is the strong threat.} 22. Qe4 $2 (22. Bf2) 22... Nc4 (22... Nxa4 $2 23. Rxa4 Qxa4 24. Qxd5 $19) 23. Rh3 f5 (23... Ncxe3 $2 24. Rxe3 Qc4 25. Rg3 $19) 24. exf6 exf6 25. Bf2 f5 $2 ({Black should try} 25... Re8 $19 26. Qf3 f5) 26. Qe6+ $15 Kh8 {[%emt 0:03:16] White must now prevent ...Rd2.} 27. Qxg6 Nf6 28. Qxf5 Re8 (28... Rd2 29. Rd3 $14) 29. d5 Qxd5 {[%emt 0:00:54] ( -> ...Qd1+)} 30. Qxd5 Nxd5 31. Rd3 c6 (31... Rexe2 $2 32. Nxe2 c6 33. Re1 $18) 32. Nd4 c5 (32... Nxf4 $6 33. Rf3 Rf8 34. Nxc6 $15) 33. Nb5 (33. Nde2 $142 Nf6 34. Bg3) 33... Nxf4 $17 34. Rf3 Be5 (34... Ne2+ $17 35. Nxe2 Rexe2) 35. Bg3 $2 (35. Nd3 $15 Nxd3 36. Rxd3) 35... Rxg2+ ({And not} 35... Nxg2 36. Nd3 Rd2 37. Nxe5 dxe5 38. Nc7 $15) (35... Nd2 $1 $19 {is more deadly.} 36. Re3 (36. Rxf4 $2 {perishes.} Bxf4 37. Nd3 Be3+ 38. Kh1 Ne4 $19) 36... Bd4 $1 37. Nxd4 (37. cxd4 $2 {loses.} Rxe3 38. Nxd6 Ne4 $19) 37... Rxe3 38. Bxf4 Re1+ 39. Kf2 Rf1+ 40. Ke2 Rxf4) 36. Kh1 {[%emt 0:00:06] [#]} Rd2 37. Nb3 $132 {[%emt 0:00:26][%cal Ob3d2][%mdl 2048] White puts up resistance. The position is equal.} Rb2 {[%emt 0:00:37] Strongly threatening ...Ne2.} 38. Nxc5 dxc5 (38... Ne2 $5 39. Nd3 $8 Nxg3+ 40. Rxg3 Rxb5 41. axb5 Bxg3 42. hxg3 Rb8 $15) 39. Bxf4 Bxf4 40. Rxf4 Ree2 41. Rxc4 {[%emt 0:07:53] Threatens to win with Rh4.} Rxh2+ 42. Kg1 {[%emt 0:00:03] And now Rg4 would win.} Rhg2+ 43. Kh1 {[%emt 0:00:20] Weighted Error Value: White=0.49/Black=0.33} 1/2-1/2

[Event "16th Serbian-ch Women 2022"]
[Site "Bajina Basta"]
[Date "2022.12.13"]
[Round "8.1"]
[White "Eric, Jovana"]
[Black "Drljevic, Ljilja"]
[Result "1/2-1/2"]
[ECO "B08"]
[WhiteElo "2245"]
[BlackElo "2175"]
[Annotator "TA"]
[PlyCount "142"]
[EventDate "2022.12.06"]
[EventType "tourn"]
[EventCountry "SRB"]
[SourceTitle "playchess.com"]
[Source "ChessBase"]
[SourceQuality "1"]
[TimeControl "40/5400+30:1800+30"]

1. e4 g6 2. d4 Bg7 3. Nc3 d6 4. Be3 a6 5. Nf3 Nf6 6. h3 O-O 7. Bd3 Nc6 {[%emt 0:01:22] B08: Pirc Defence: Classical System.} 8. d5 Nb8 9. Qd2 c6 10. Bh6 {[%emt 0:07:23] [#]} b5 $146 ({Predecessor:} 10... Qb6 11. Bxg7 Kxg7 12. O-O-O Nbd7 13. Rhe1 Re8 14. g4 a5 15. Bf1 a4 16. a3 Ra5 {1-0 (32) Real de Azua,E (2442)-Henriquez Villagra,C (2604) Buenos Aires 2022}) 11. Bxg7 (11. h4 {simplifies} Bxh6 12. Qxh6 Ng4 13. Qd2) 11... Kxg7 12. dxc6 Nxc6 13. Nd5 (13. O-O {simplifies} Ne5 14. Nxe5 dxe5 15. Qe3) 13... e6 14. Nxf6 Qxf6 15. O-O-O Bb7 16. Kb1 Rfd8 17. Nh2 e5 {[%emt 0:12:14] Inhibits f4.} 18. Ng4 Qe6 (18... Qf4 $11 {keeps the balance.}) 19. f4 (19. Rhf1 $16) 19... exf4 $1 $14 20. Qxf4 f6 $1 21. Rhf1 {[%emt 0:02:42] Threatens to win with Qh6+.} Rf8 $1 22. Qh6+ Kg8 23. Qf4 Nb4 24. b3 {[%emt 0:02:49] White wants to play Rf2.} ({Reject} 24. Nxf6+ Kg7 25. e5 Qxa2+ 26. Kc1 Qa4 $11) 24... Rac8 (24... Nc6 $1 $11) 25. Nxf6+ Kg7 26. e5 $36 {[%emt 0:00:14][%mdl 2048] White is on the roll.} Nxd3 27. Rxd3 {[%emt 0:00:07] Really sharp!} dxe5 28. Qh4 h6 {[%emt 0:01:09] [#] And now ...Bc6 would win.} (28... Rxf6 $2 29. Rxf6 Qe8 30. Rfd6 $18) 29. Rd7+ ({White has to play} 29. g4 $1 $16) 29... Qxd7 $1 $11 30. Nxd7 {[%emt 0:00:06] Threatening mate with Qe7+.} Rxf1+ 31. Kb2 {[%emt 0:00:05] Strongly threatening Qe7+.} g5 {[%emt 0:01:01] [#]} (31... Bxg2 $2 32. Qe7+ Kg8 33. Nf6+ Rxf6 34. Qxf6 $18) (31... Re8 $1 $11) 32. Qg3 (32. Qb4 $142 $1 ) 32... Rf4 $16 33. Nxe5 Be4 {[%emt 0:00:32] Against Qd3} 34. Nd3 Bxd3 35. Qxd3 $14 {[%emt 0:00:21][%mdl 4096] Endgame Qd7+ is the strong threat. KQ-KRR} Rcf8 36. g3 Rf3 37. Qd4+ R8f6 $1 38. Qg4 Kh7 39. h4 gxh4 $1 40. Qe4+ Kg7 41. gxh4 R3f4 42. Qe7+ Kg6 43. Qe8+ Rf7 44. a4 bxa4 45. bxa4 a5 46. c4 R4f5 {[%emt 0:00:00] Prevents c5.} 47. c5 Rxc5 {[%emt 0:00:00] The position is equal.} 48. Qg8+ Kf6 49. Qd8+ Kf5 50. Qd3+ Ke5 51. Qe3+ Kd6 52. Qxh6+ Kc7 53. Qe3 Rcf5 {[%emt 0:01:56] aiming for ...Rf2+.} 54. Qa7+ Kd6 55. Qb6+ Ke7 56. Qc7+ Kf8 57. Qd6+ Kg7 58. Qd4+ Kh6 59. Qh8+ Kg6 60. h5+ Rxh5 61. Qg8+ Kf6 62. Qd8+ Kg7 63. Qd4+ Rf6 64. Kc3 Rhf5 65. Kd3 Rf3+ 66. Ke2 R3f4 67. Qa7+ Kg6 68. Qxa5 Rf2+ 69. Ke1 Rf1+ 70. Ke2 R1f2+ 71. Ke1 Rf1+ {[%emt 0:00:40] Weighted Error Value: White=0.14 (very precise) /Black=0.12 (very precise)} 1/2-1/2

[Event "16th Serbian-ch Women 2022"]
[Site "Bajina Basta"]
[Date "2022.12.13"]
[Round "8.2"]
[White "Srdanovic, Jovana"]
[Black "Manakova, Maria"]
[Result "1-0"]
[ECO "D02"]
[WhiteElo "2189"]
[BlackElo "2160"]
[Annotator "TA"]
[PlyCount "61"]
[EventDate "2022.12.06"]
[EventType "tourn"]
[EventCountry "SRB"]
[SourceTitle "playchess.com"]
[Source "ChessBase"]
[SourceQuality "1"]
[TimeControl "40/5400+30:1800+30"]

1. d4 Nf6 2. Nf3 g6 3. Nbd2 d5 4. b4 Bg7 5. e3 a5 6. b5 {[%emt 0:01:42] D02: 1 d4 d5 2 Nf3 sidelines, including 2...Nf6 3 g3 and 2...Nf6 3 Bf4.} c5 7. bxc6 ({Don't play} 7. dxc5 Ne4 8. Ba3 Bc3 $15) 7... Nxc6 {[%emt 0:03:04] 7...Nxc6 scores better than 7...bxc6.} 8. c4 {[%emt 0:12:56] The position is equal.} O-O 9. Bb2 Bf5 10. a3 {[%emt 0:07:40] [#] Inhibits Nb4.} Ne4 $146 ({Predecessor:} 10... dxc4 11. Bxc4 e5 12. Nxe5 Nxe5 13. dxe5 Ng4 14. Nf3 Qe7 15. O-O Rad8 16. Qb3 Be4 {½-½ (33) Mirzoev,A (2474)-Nagy,G (2471) Ceske Budejovice 2019}) 11. cxd5 Qxd5 (11... Nxd2 {simplifies} 12. Qxd2 Qxd5 13. Rc1 a4) 12. Bc4 Qd6 13. O-O Nxd2 14. Nxd2 Rab8 15. Qe2 e5 16. d5 b5 $1 17. Ba2 {[%emt 0:13:25] aiming for g4.} ({Much worse is} 17. Bxb5 Na7 18. e4 Nxb5 $15) 17... Nd8 18. Rfc1 (18. g4 $5 Bc8 19. Ne4 $14) 18... Re8 19. g4 Bd7 20. Ne4 Qb6 21. f3 {[%emt 0:04:54] White is more active.} (21. Qd1 $16) 21... Nb7 $1 $11 22. Rab1 Rbc8 23. Kh1 (23. Qd2 $1 $11) 23... Nd6 $15 24. Ng3 (24. h3 $15) 24... Bh6 ({Black should try} 24... Rxc1+ $17 25. Bxc1 e4 26. Nxe4 Nxe4 27. fxe4 Rxe4) 25. Rxc8 Bxc8 26. Bc1 Ba6 27. Qe1 {[%emt 0:00:45] Inhibits b4.} Rc8 28. Bd2 $1 {[%emt 0:00:08] [#]} Qc5 (28... b4 $1 $17 {Threatening ...Nc4.} 29. axb4 a4) 29. Bxa5 $11 Qxa3 (29... Bxe3 $2 30. Bb4 Qb6 31. Bxd6 $18) (29... Qxe3 $11 30. Qxe3 Bxe3) 30. Bb3 $14 {[%emt 0:00:16] Strongly threatening Bb4.} Nc4 $2 (30... Bb7 $14) 31. Bb4 {[%emt 0:00:36] Weighted Error Value: White=0.18 (very precise) /Black=0.19 (very precise)} 1-0

[Event "16th Serbian-ch Women 2022"]
[Site "Bajina Basta"]
[Date "2022.12.13"]
[Round "8.3"]
[White "Grozdanovic, Anastasia"]
[Black "Gajcin, Marina"]
[Result "1/2-1/2"]
[ECO "D40"]
[WhiteElo "1870"]
[BlackElo "2219"]
[Annotator "TA"]
[PlyCount "46"]
[EventDate "2022.12.06"]
[EventType "tourn"]
[EventCountry "SRB"]
[SourceTitle "playchess.com"]
[Source "ChessBase"]
[SourceQuality "1"]
[TimeControl "40/5400+30:1800+30"]

1. d4 Nf6 2. c4 e6 3. Nf3 c5 4. e3 d5 5. Nc3 Nc6 6. a3 dxc4 7. Bxc4 a6 8. O-O b5 9. Ba2 {[%emt 0:06:27] D40: Queen's Gambit Declined: Semi-Tarrasch with 5 e3.} Bb7 10. dxc5 Bxc5 11. Qe2 Qc7 12. b4 Ba7 13. Bb2 O-O 14. Rac1 {[%emt 0:06:24] [#]} Bb8 $146 {[%emt 0:02:35][%cal Oc6d4] [#] Strongly threatening ...Nd4!} ({Predecessor:} 14... Rac8 15. Nb1 Qb8 16. Nbd2 Rfd8 17. Ng5 Ne5 18. Rxc8 Rxc8 19. Bb1 h6 20. Nge4 Nxe4 21. Nxe4 Rc4 22. Ng3 Qc7 23. Rd1 g6 24. Qd2 Qc6 25. e4 Qc7 {1-0 (26) Hamad,A (2287)-Mikheev,S (2329) Dresden 2008}) 15. g3 Qe7 $1 ({Much less strong is} 15... Ne5 {[#]} 16. Nd5 $1 Qd8 17. Nxe5 $16) 16. Nb1 (16. Rfd1 $142) 16... Rd8 ({Black should try} 16... a5) 17. Nbd2 $11 Ng4 18. Rc5 {[%emt 0:06:32][%cal Ob2g7] Prevents Be5.} (18. Bb1 {simplifies} Nge5 19. Nxe5 Bxe5 20. Ne4) 18... h6 19. Rfc1 Na7 (19... Qd7 $1 $14) 20. h3 Nf6 21. Ne5 (21. e4 $14) 21... Bd6 {[%emt 0:03:54] The position is equal.} 22. R5c2 Rac8 23. Ng4 Ne4 {[%emt 0:01:37] Weighted Error Value: White=0.19 (very precise) /Black=0.16 (very precise)} 1/2-1/2